 Dungeon Crawl Stone Soup version 0.24-a0-48-g0ecae65 (console) character file.

Game seed: 14281258426657482630

58 Duffy the Chopper (level 4, -1/39 HPs)
             Began as a Naga Gladiator on Feb 3, 2019.
             Slain by an orc
             ... wielding a +0 hand axe
              (4 damage)
             ... on level 4 of the Dungeon.
             The game lasted 00:01:28 (993 turns).

Duffy the Chopper (Naga Gladiator)                   Turns: 993, Time: 00:01:28

Health: -1/39      AC:  3    Str: 16    XL:     4   Next: 2%
Magic:  4/4        EV: 10    Int:  9    God:
Gold:   71         SH:  0    Dex: 13    Spells: 3/3 levels left

rFire    . . .     SeeInvis +   a - +0 war axe
rCold    . . .     Gourm    .   (no shield)
rNeg     . . .     Faith    .   b - +0 leather armour
rPois    +         Spirit   .   c - +0 helmet
rElec    .         Reflect  .   (no cloak)
rCorr    .         Harm     .   (no gloves)
MR       .....                  (no barding)
Stlth    +.........             (no amulet)
HPRegen  0.13/turn              (no ring)
MPRegen  0.09/turn              (no ring)

@: short of breath, very slow
A: large, see invisible, deformed body, poison resistance, slowness 2, slow
metabolism 1, spit poison 1, AC +1
a: Spit Poison


You were on level 4 of the Dungeon.
You were not hungry.

You visited 1 branch of the dungeon, and saw 4 of its levels.

You collected 71 gold pieces.

Inventory:

Hand Weapons
 a - a +0 war axe (weapon)
Missiles
 d - 3 throwing nets (quivered)
Armour
 b - a +0 leather armour (worn)
 c - a +0 helmet (worn)
Scrolls
 g - 2 scrolls of identify {unknown}
 h - a scroll of immolation {unknown}
 i - a scroll of enchant weapon {unknown}
 k - a scroll of remove curse {unknown}
Potions
 e - a potion of heal wounds
 j - a potion of flight {unknown}
 l - a potion of resistance {unknown}
Comestibles
 f - 2 rations
 m - 7 chunks of flesh


   Skills:
 - Level 2.0 Fighting
 + Level 4.8 Axes
 - Level 1.7 Throwing
 - Level 2.4 Dodging


You had 3 spell levels left.
You didn't know any spells.
Your spell library was empty.

Dungeon Overview and Level Annotations

Branches:
Dungeon (4/15)
 Temple: D:4-7

Altars:


Innate Abilities, Weirdness & Mutations

You cannot wear boots.
Your serpentine skin is tough. (AC +1)
You have supernaturally acute eyesight. (SInv)
Armour fits poorly on your strangely shaped body.
Your system is resistant to poisons. (rPois)
You cover ground very slowly.
You have a slow metabolism.
You can spit poison.


Message History

You barely miss the orc.
You have got your breath back.
The orc priest calls down the wrath of Beogh upon you.
Pain shoots through your body!
The orc priest calls down the wrath of Beogh upon you.
Beogh smites you!
It was a potion of heal wounds.
You feel much better. The orc completely misses you.
The orc priest hits you with a +0 mace!
Press: ? - help, Shift-Dir - straight line, f - orc priest
Aim: an orc priest, wielding a +0 mace and wearing a +0 leather armour The splash of poison hits the orc priest!
The orc priest is heavily wounded.
You feel slightly more hungry. The orc hits you but does no damage.
The orc closely misses you.
You closely miss the orc priest.
The orc priest is heavily wounded.
You closely miss the orc. You hit the orc. The orc hits you with a +0 whip.
The orc priest calls down the wrath of Beogh upon you.
Beogh smites you! The orc hits you with a +0 hand axe.
You die...

..... .... ..... ...
#...$.####..
#..........#
#..........#
..........# . ###
.....o....# .
#..##+##'##o#
.......+.....#..o@o#
.......#.....#.....+
.......#.....##..###
#.....#.....##..####+
#.....#..............#
.#.....#..............#
.#.....+...%..........#
.#.....##'##+##########
.###'#...........


You could see an orc priest and 2 orcs.

Vanquished Creatures
  A bullfrog skeleton (D:4)
  A dart slug (D:1)
  4 orcs (D:4)
  A giant cockroach (D:4)
  2 goblins (D:1)
  2 hobgoblins (D:1)
  4 jackals (D:1)
  A bat (D:1)
  A frilled lizard (D:1)
  4 kobolds
  2 rats
23 creatures vanquished.

Notes
Turn   | Place    | Note
-------+----------+-------------------------------------------
     0 | D:1      | Duffy the Naga Gladiator began the quest for the Orb.
     0 | D:1      | Reached XP level 1. HP: 19/19 MP: 1/1
   110 | D:1      | Reached XP level 2. HP: 11/26 MP: 2/2
   677 | D:3      | Reached skill level 4 in Axes
   727 | D:4      | Reached XP level 3. HP: 20/32 MP: 3/3
   988 | D:4      | Reached XP level 4. HP: 39/39 MP: 4/4
   993 | D:4      | Slain by an orc

Vault maps used:
D:1:      psy_arrival_fountain, palyth_stone_intersect
D:2:      bloody_trog, marbit_many_paths, uniq_terence
D:3:      minivault_14
D:4:      first_ration

Skill      XL: |  1  2 |
---------------+-------+-----
Axes           | 4 |  4.8
Fighting       | |  2.0
Throwing       | |  1.7
Dodging        | |  2.4

Action                   |  1- 3 |  4- 6 || total
-------------------------+-------+-------++-------
Melee: War axe           |    55 |     3 ||    58
 Abil: Spit Poison       |     4 |     1 ||     5
  Use: Potion            |       |     1 ||     1
Armor: Leather armour    |    21 |       ||    21
Dodge: Dodged            |    35 |     3 ||    38

Table legend:
 A = Non-vault XP
 B = Vault XP
 C = Vault XP percentage of total XP
 D = Non-vault monster count
 E = Vault monster count
 F = Vault count percentage of total count
                 A         B        C        D         E       F
            +---------+---------+-------+---------+---------+-------
      Total |      84 |       0 |   0.0 |      23 |       0 |   0.0
            +---------+---------+-------+---------+---------+-------
        D:1 |      26 |       0 |   0.0 |      14 |       0 |   0.0
        D:2 |       1 |       0 |   0.0 |       1 |       0 |   0.0
        D:3 |       3 |       0 |   0.0 |       2 |       0 |   0.0
        D:4 |      54 |       0 |   0.0 |       6 |       0 |   0.0
            +---------+---------+-------+---------+---------+-------
